 Dungeon Sprint DCSS version 0.27.1-33-g824d729ab1 (webtiles) character file.

Game seed: 6807971870773232401

114 Adenis the Fighter (level 4, -9/57 HPs)
             Began as an Ogre Berserker on Dec 4, 2021.
             Was a Follower of Trog.
             Mangled by Sigmund (20 damage)
             ... in the Dungeon (Sprint I: "Red Sonja").
             The game lasted 00:00:19 (482 turns).

Adenis the Fighter (Ogre Berserker)                  Turns: 482, Time: 00:00:20

Health: -9/57      AC:  3    Str: 22    XL:     4   Next: 97%
Magic:  4/4        EV: 10    Int:  8    God:    Trog [*.....]
Gold:   54         SH:  0    Dex:  8    Spells: 3/3 levels left

rFire    . . .     SeeInvis .   a - +0 hand axe
rCold    . . .     Faith    .   (no shield)
rNeg     . . .     Spirit   .   b - +0 animal skin
rPois    .         Reflect  .   (helmet restricted)
rElec    .         Harm     .   (no cloak)
rCorr    .         Rampage  .   (gloves unavailable)
Will     .....     NoTele   +   (boots unavailable)
Stlth    +.........             (no amulet)
HPRegen  0.19/turn              (no ring)
MPRegen  0.09/turn              (no ring)

@: on berserk cooldown, slowed, very slow
A: large, unfitting armour, tough skin 1
a: Renounce Religion, Berserk


You were in the Dungeon.
You worshipped Trog.
Trog was aware of your devotion.
You visited 1 branch You collected 54 gold pieces.

Inventory:

Hand Weapons
 a - a +0 hand axe (weapon)
Armour
 b - a +0 animal skin (worn)
Scrolls
 h - a scroll of blinking
Potions
 c - a potion of curing
 d - a potion of heal wounds
 e - a potion of haste
 f - 2 potions of magic
 g - a potion of berserk rage


   Skills:
 + Level 8.1 Fighting
 + Level 6.4 Axes
 + Level 5.3 Dodging


You had 3 spell levels left.
You didn't know any spells.
Your spell library was empty.

Dungeon Overview and Level Annotations

Branches:
Dungeon (1/1)

Altars:

Annotations:
D Sigmund


Innate Abilities, Weirdness & Mutations

You are too large for most types of armour.
You have tough skin. (AC +1)


Message History

There is an open door here.
You open the door.
Sigmund the Dreaded comes into view.
He is wielding a +2 scythe of distortion.
Sigmund shouts!
Sigmund says, "Look into my eyes."
Sigmund casts a spell at you. The puff of flame hits you!
A red film seems to cover your vision as you go berserk!
You feel yourself moving faster!
You feel mighty!
Sigmund drinks a potion.
Sigmund seems to speed up.
You feel a strong urge to attack something.
Sigmund barely misses you.
There is an open door here.
Sigmund hits you with a +2 scythe of distortion!
Space bends around you.
You feel your anger nearly subside.
You are no longer berserk.
You are exhausted.
You feel yourself slow down.
You barely miss Sigmund. Sigmund closely misses you.
Sigmund points at you and mumbles some strange words.
You resist with some effort.
You hit Sigmund.
Sigmund is lightly wounded.
Sigmund misses you. Sigmund closely misses you.
You barely miss Sigmund.
Sigmund is lightly wounded.
Sigmund hits you with a +2 scythe of distortion.
You hit Sigmund but do no damage.
Sigmund is lightly wounded.
Sigmund closely misses you.
Sigmund hits you with a +2 scythe of distortion!
Space bends around you.
You hit Sigmund.
Sigmund is moderately wounded.
Sigmund hits you with a +2 scythe of distortion!
* * * LOW HITPOINT WARNING * * *
You barely miss Sigmund.
Sigmund is moderately wounded.
Sigmund hits you but does no damage. Space warps horribly around you!!
You die...

#############
#<.#..)..#.@+
#..)..#..'.@#
#..#####'####
#..# #..#
#..# ####
#..# #⌠⌠#
####


You could see Sigmund (fast).

Vanquished Creatures
  An ogre (D)
  Ijyb (D)
2 creatures vanquished.

Notes
Turn   | Place    | Note
-------+----------+-------------------------------------------
     0 | D        | Adenis the Ogre Berserker began the quest for the Orb.
     0 | D        | Reached XP level 1. HP: 24/24 MP: 1/1
     2 | D        | Noticed Ijyb
    10 | D        | Killed Ijyb
    11 | D        | Reached skill level 5 in Fighting
    11 | D        | Reached XP level 2. HP: 36/36 MP: 2/2
    11 | D        | Reached XP level 3. HP: 44/44 MP: 3/3
   168 | D        | Noticed an ogre
   174 | D        | Killed an ogre
   175 | D        | Reached skill level 8 in Fighting
   175 | D        | Reached skill level 5 in Dodging
   175 | D        | Reached XP level 4. HP: 57/57 MP: 4/4
   472 | D        | Noticed Sigmund
   482 | D        | Mangled by Sigmund

Illustrated notes

Levels and vault maps discovered:
D:        dungeon_sprint_1 [red_sonja_temple_1, red_sonja_temple_small_1]

Skill      XL: |  1  2  3 |
---------------+----------+-----
Fighting       | 5 8 |  8.1
Axes           | 4 6 |  6.4
Dodging        | 4 5 |  5.3

Action                   |  1- 3 |  4- 6 || total
-------------------------+-------+-------++-------
Melee: Hand axe          |    12 |     6 ||    18
Invok: Berserk           |     2 |     1 ||     3
Armor: Animal skin       |     1 |     1 ||     2
Dodge: Dodged            |     4 |     5 ||     9
